 Dungeon Crawl Stone Soup version 0.21.0-24-g2553a33 (webtiles) character file.

19863 komo4ek the Spear-Bearer (level 12, -1/151 HPs)
             Began as a Hill Orc Necromancer on Jan 20, 2018.
             Was the Champion of Beogh.
             Slain by a crocodile (9 damage)
             ... on level 1 of the Lair of Beasts.
             The game lasted 01:17:14 (15419 turns).

komo4ek the Spear-Bearer (Hill Orc Necromancer)    Turns: 15419, Time: 01:17:15

Health: -1/151     AC: 26    Str: 17    XL:     12   Next: 73%
Magic:  25/30      EV:  2    Int: 22    God:    Beogh [******]
Gold:   502        SH:  0    Dex: 11    Spells: 8/23 levels left

rFire    . . .     SeeInvis .   C - +5 trident of the Heavens {holy, MR++ Int+3}
rCold    . . .     Gourm    .   (no shield)
rNeg     + + +     Faith    .   (armour currently unavailable)
rPois    +         Spirit   .   (helmet currently unavailable)
rElec    .         Reflect  .   (cloak currently unavailable)
rCorr    +         Harm     .   (gloves currently unavailable)
MR       ++...     NoTele   +   (boots currently unavailable)
Stlth    ++........             y - amulet of regeneration
HPRegen  0.75/turn              e - ring of resist corrosion
MPRegen  0.22/turn              B - ring of magical power

@: mighty, lethally poisoned (-1 -> -2), tree-form
A: walk on water
a: Smiting, Recall Orcish Followers, Give Item to Named Follower, Resurrection,
Renounce Religion


You were on level 1 of the Lair of Beasts.
You worshipped Beogh.
Beogh was exalted by your worship.
You were not hungry.
You were a tree.
You visited 3 branches of the dungeon, and saw 15 of its levels.
You also visited: Bailey.

You collected 502 gold pieces.

Inventory:

Hand Weapons
 C - the +5 trident of the Heavens (weapon) {holy, MR++ Int+3}
   (You found it on level 5 of the Dungeon)

   It has been blessed by the Shining One to cause great damage to the undead
   and demons.
   It affects your intelligence (+3).
   It affects your resistance to hostile enchantments.
 O - a +0 glaive
Missiles
 F - 27 poisoned needles
Armour
 b - a +0 troll leather armour
 i - a +2 helmet
 q - a +0 cloak (melded)
 D - a +0 leather armour
 L - a +1 plate armour
 N - +0 acid dragon scales (melded)
 P - a +0 plate armour
 S - a +1 hat of intelligence (melded)
Jewellery
 e - a ring of resist corrosion (left branch)
 k - an uncursed ring of protection from magic
 w - an uncursed ring of protection from cold
 y - an amulet of regeneration (around neck)
 B - a ring of magical power (right branch)
 T - an uncursed amulet of harm {unknown}
Wands
 E - a wand of digging (11)
 H - a wand of paralysis (9)
 R - a wand of flame (9)
Scrolls
 d - 3 scrolls of fog {unknown}
 h - a scroll of immolation {unknown}
 j - 4 scrolls of noise {unknown}
 l - 5 scrolls of remove curse
 m - 5 scrolls of identify
 n - 6 scrolls of teleportation
 o - a scroll of magic mapping
 p - 4 scrolls of amnesia
 r - a scroll of random uselessness
 s - a scroll of enchant armour {unknown}
 t - a scroll of fear {unknown}
 z - a scroll of brand weapon {unknown}
 I - a scroll of enchant weapon {unknown}
Potions
 a - 2 potions of agility {unknown}
 f - a potion of curing
 g - a potion of brilliance
 u - 3 potions of haste
 v - 3 potions of flight
 x - 3 potions of lignification
 A - 3 potions of mutation
 J - a potion of magic {unknown}
 Q - 4 potions of degeneration {unknown}
Books
 G - a book of Beasts

   Spells                             Type                      Level
   a - Summon Butterflies             Summoning                    1
   b - Call Canine Familiar           Summoning                    3
   c - Summon Ice Beast               Ice/Summoning                4
   d - Summon Mana Viper              Hexes/Summoning              5
   e - Summon Hydra                   Summoning                    7
 K - a book of Cantrips

   Spells                             Type                      Level
   a - Confusing Touch                Hexes                        1
   b - Animate Skeleton               Necromancy                   1
   c - Summon Small Mammal            Summoning                    1
   d - Apportation                    Translocation                1
Comestibles
 c - 20 rations


   Skills:
 + Level 7.7 Fighting
 + Level 9.5 Polearms
 + Level 7.0 Armour
 + Level 5.4 Dodging
 - Level 1.5 Stealth
 - Level 6.0 Spellcasting
 + Level 8.5 Summonings
 - Level 9.0 Necromancy
 + Level 8.4 Invocations


You had 8 spell levels left.
You knew the following spells:

 Your Spells              Type           Power        Failure   Level  Hunger
a - Pain                  Necr           ####         1%          1    None
b - Animate Skeleton      Necr           N/A          1%          1    None
c - Vampiric Draining     Necr           #####.....   1%          3    #......
d - Animate Dead          Necr           N/A          2%          4    ###....
e - Regeneration          Chrm/Necr      ####......   4%          3    #......
f - Call Canine Familiar  Summ           #####...     1%          3    #......


Dungeon Overview and Level Annotations

Branches:
Dungeon (12/15)            Temple (0/1) D:5            Lair (2/6) D:11
    Orc (1/2) D:11
  Swamp: Lair:2-4    Shoals: Lair:2-4     Snake: Lair:2-4    Spider: Lair:2-4

Altars:
Cheibriados
Elyvilon
Fedhas
Hepliaklqana
Kikubaaqudgha
Makhleb
Sif Muna
Uskayaw
Vehumet
Wu Jian
Xom
Yredelemnul
Zin
The Shining One
Beogh

Shops:
D:9 (

Portals:
Trove: D:12 (give +4 shadow dragon scales)

Annotations:
D:7 exclusion: statue
D:8 Maurice


Message History

The yak gores you but does no damage.
You feel very mighty all of a sudden.
You feel sick.
The water moccasin bites you but does no damage.
The blink frog hits you but does no damage.
The yak gores you!
* * * LOW HITPOINT WARNING * * *
The crocodile bites you but does no damage.
The yak gores you but does no damage.
You feel better.
The water moccasin bites you but does no damage.
The blink frog barely misses you. The yak gores you.
* * * LOW HITPOINT WARNING * * *
The water moccasin bites you.
* * * LOW HITPOINT WARNING * * *
You are poisoned.
The water moccasin poisons you!
The blink frog hits you but does no damage.
The yak gores you but does no damage. The crocodile bites you!
You die...

#...###.............#
#..###########(....##
...##Z#####..(.#####
#.####Z.........)#
.#####...........#
.#o..'...........#
.'.#.#o..........##
.#####.........F.P#
.# #.........S♣t# .#
#.........YY## .##
#...........P# #.#
####.'P##P#### ..#
##..#### P.####
####....#
....P###.##Z##.###
....##......o....##
.....#............#


You could see 2 yaks, a blink frog, a water moccasin and a crocodile.

Vanquished Creatures
  2 hydras
  3 two-headed ogres
  An ugly thing (D:11)
  3 cyclopes
  2 spiny frogs (Lair:1)
  A kobold demonologist (D:11)
  A troll (D:11)
  A hornet (D:8)
  2 hippogriffs
  27 yaks
  2 wyverns
  2 hungry ghosts
  2 water moccasins
  2 hell hounds (D:11)
  A porcupine (Lair:1)
  3 sky beasts
  4 orc warriors
  2 ice beasts
  A necrophage (D:11)
  3 ogres
  6 centaurs
  A crocodile (Lair:1)
  3 big kobolds
  4 bullfrogs
  A gnoll sergeant (D:10)
  3 scorpions
  7 killer bees
  4 wights
  2 howler monkeys (D:4)
  4 crimson imps
  2 centaur zombies
  6 hounds
  A quasit (D:6)
  A bullfrog skeleton (D:9)
  2 centaur skeletons
  An orc priest (D:11)
  Crazy Yiuf (D:2)
  2 jellies
  5 orc wizards
  An iguana (D:9)
  8 worker ants
  A hound zombie (D:10)
  16 gnolls
  A howler monkey skeleton (D:7)
  9 adders
  4 shadow imps
  An adder zombie (D:6)
  An adder skeleton (D:5)
  2 worms
  2 dart slugs
  8 leopard geckos
  19 orcs
  2 ball pythons (D:1)
  7 giant cockroaches
  12 hobgoblins
  15 jackals
  3 quokkas
  5 bats
  9 frilled lizards
  14 goblins
  A jackal zombie (D:8)
  15 kobolds
  5 rats
282 creatures vanquished.

Vanquished Creatures (collateral kills)
  Gastronok (Lair:1)
  2 two-headed ogres
  An orc knight (Bailey)
  A centaur zombie (D:12)
  A gargoyle (D:11)
  2 trolls
  A blink frog (Lair:1)
  8 yaks
  A steam dragon (D:11)
  An acid dragon (D:12)
  An ice beast (D:11)
  An ogre (D:6)
  6 orc warriors
  A sky beast (D:7)
  2 phantoms
  A big kobold (D:7)
  A bullfrog (Lair:1)
  A jelly (D:12)
  A killer bee (D:10)
  8 wights
  2 hounds
  An orc priest (Orc:1)
  A bullfrog skeleton (D:6)
  2 bullfrog zombies (D:6)
  A centaur skeleton (D:3)
  A worker ant (D:12)
  3 orc wizards (D:11)
  A hound skeleton (D:11)
  5 gnolls
  3 adders
  A dart slug (D:2)
  6 orcs
  9 goblins
  6 hobgoblins
  2 jackals (D:11)
  3 kobolds
  A frilled lizard (D:2)
  A rat (D:3)
91 creatures vanquished.

Vanquished Creatures (others)
  2 orc knights
  3 orc wizards
  7 orc warriors
  3 orc priests
  17 orcs
  A hobgoblin (D:2)
  4 fungi (Lair:1)
  4 plants
41 creatures vanquished.

Grand Total: 414 creatures vanquished

Notes
Turn   | Place    | Note
-------+----------+-------------------------------------------
     0 | D:1      | komo4ek the Hill Orc Necromancer began the quest for the Orb.
     0 | D:1      | Reached XP level 1. HP: 14/14 MP: 3/3
   345 | D:1      | Reached XP level 2. HP: 16/20 MP: 2/4
   567 | D:1      | Learned a level 1 spell: Animate Skeleton
   932 | D:1      | Reached XP level 3. HP: 26/26 MP: 2/6
  1255 | D:2      | Found a burning altar of Makhleb.
  1255 | D:2      | Found a glowing silver altar of Zin.
  1261 | D:2      | Noticed an angel
  1261 | D:2      | Noticed a blizzard demon
  1548 | D:2      | Learned a level 3 spell: Vampiric Draining
  1692 | D:2      | Reached skill level 5 in Necromancy
  1806 | D:2      | Reached XP level 4. HP: 30/33 MP: 2/7
  2001 | D:2      | Found a glowing golden altar of the Shining One.
  2010 | D:2      | Found a basalt altar of Yredelemnul.
  2142 | D:2      | Found a runed door.
  2277 | D:2      | Noticed an angel
  2339 | D:2      | Noticed Crazy Yiuf
  2395 | D:2      | Killed Crazy Yiuf
  2795 | D:3      | Reached XP level 5. HP: 25/38 MP: 4/8
  3463 | D:3      | Became a worshipper of Beogh the Brigand
  3584 | D:3      | Reached XP level 6. HP: 42/45 MP: 6/10
  4187 | D:4      | Got an ichor-stained long sword
  4188 | D:4      | Identified the +3 long sword "Ommoelus" {elec, +Rage Int-5 Dex+4} (You found it on level 4 of the Dungeon)
  4547 | D:4      | Found a hazy altar of Hepliaklqana.
  4675 | D:4      | Reached XP level 7. HP: 50/50 MP: 10/12
  4760 | D:5      | Entered Level 5 of the Dungeon
  4787 | D:5      | Learned a level 4 spell: Animate Dead
  4791 | D:5      | Learned a level 3 spell: Regeneration
  4824 | D:5      | Got a warped trident
  4825 | D:5      | Identified the +5 trident of the Heavens {holy, MR++ Int+3} (You found it on level 5 of the Dungeon)
  4909 | D:5      | Found a staircase to the Ecumenical Temple.
  5478 | D:6      | Found an ornate altar of the Wu Jian Council.
  5531 | D:6      | Reached skill level 1 in Polearms
  5684 | D:6      | Reached XP level 8. HP: 55/57 MP: 13/13
  5842 | D:6      | Reached * piety under Beogh
  6404 | D:7      | Found an ancient bone altar of Kikubaaqudgha.
  6404 | D:7      | Found a shimmering altar of Xom.
  6909 | D:7      | Reached XP level 9. HP: 62/62 MP: 16/16
  6921 | D:7      | Reached skill level 5 in Spellcasting
  6928 | D:7      | Found a deep blue altar of Sif Muna.
  6956 | D:7      | Reached skill level 5 in Polearms
  7058 | D:7      | Found a hide-covered altar of Uskayaw.
  7149 | D:7      | Reached ** piety under Beogh
  7203 | D:7      | Reached skill level 1 in Invocations
  7352 | D:7      | Reached skill level 1 in Fighting
  7359 | D:7      | Reached skill level 1 in Armour
  7367 | D:7      | Found a radiant altar of Vehumet.
  7560 | D:8      | Noticed a two-headed ogre
  7801 | D:8      | Found a snail-covered altar of Cheibriados.
  7805 | D:8      | Noticed Maurice
  8001 | D:8      | Noticed a hornet
  8005 | D:8      | Killed a hornet
  8627 | D:9      | Found a blossoming altar of Fedhas.
  9133 | D:9      | Found Gouqec's Antique Weapon Emporium.
  9235 | D:9      | Reached XP level 10. HP: 76/77 MP: 18/18
  9419 | D:9      | Found a white marble altar of Elyvilon.
  9724 | D:10     | Entered Level 10 of the Dungeon
  9965 | D:10     | Learned a level 3 spell: Call Canine Familiar
 10122 | D:10     | Found a flagged portal.
 10126 | D:10     | Reached skill level 1 in Summonings
 10135 | Bailey   | Entered a bailey
 10192 | Bailey   | Reached *** piety under Beogh
 10300 | Bailey   | Noticed an orc knight
 10338 | Bailey   | Killed an orc knight
 10551 | Bailey   | Noticed an orc warlord
 10551 | Bailey   | Noticed an orc knight
 10553 | Bailey   | Reached **** piety under Beogh
 10556 | Bailey   | Noticed an orc knight
 11025 | D:10     | Reached skill level 5 in Summonings
 11833 | D:11     | Noticed a two-headed ogre
 11836 | D:11     | Killed a two-headed ogre
 11836 | D:11     | Reached XP level 11. HP: 84/84 MP: 19/19
 11839 | D:11     | Noticed a cyclops
 11899 | D:11     | Killed a cyclops
 12018 | D:11     | Noticed a sun demon
 12019 | D:11     | Reached skill level 5 in Invocations
 12154 | D:11     | Found a staircase to the Orcish Mines.
 12168 | D:11     | Gained Korbok as an ally
 12261 | D:11     | Found a staircase to the Lair.
 12316 | D:11     | Reached ***** piety under Beogh
 12411 | D:11     | Noticed a two-headed ogre
 12415 | D:11     | Killed a two-headed ogre
 12415 | D:11     | Reached skill level 5 in Fighting
 12674 | D:11     | Noticed a two-headed ogre
 12682 | D:11     | Killed a two-headed ogre
 12682 | D:11     | Reached skill level 5 in Armour
 12892 | D:11     | Noticed a green ugly thing
 12904 | D:11     | Killed a green ugly thing
 13587 | D:12     | Noticed a two-headed ogre
 13596 | D:12     | Killed a two-headed ogre
 13610 | D:12     | Noticed a four-headed hydra
 13627 | D:12     | Your ally Korbok died
 13642 | D:12     | Killed a six-headed hydra
 13642 | D:12     | Reached XP level 12. HP: 29/96 MP: 20/21
 13993 | D:12     | Reached skill level 5 in Dodging
 14026 | D:12     | Noticed a two-headed ogre
 14033 | D:12     | Killed a two-headed ogre
 14063 | D:12     | Found a portal to a secret trove of treasure.
 14221 | Orc:1    | Entered Level 1 of the Orcish Mines
 14254 | Orc:1    | Found a roughly hewn altar of Beogh.
 14601 | Lair:1   | Entered Level 1 of the Lair of Beasts
 14615 | Lair:1   | Noticed an eight-headed hydra
 14633 | Lair:1   | Killed an eight-headed hydra
 14853 | Lair:1   | Noticed Gastronok
 14862 | Lair:1   | Killed Gastronok
 15412 | Lair:2   | Reached ****** piety under Beogh
 15419 | Lair:1   | Slain by a crocodile

Skill      XL: |  1  2  3  4  5  6  7  8  9 10 11 12 |
---------------+-------------------------------------+-----
Spellcasting   | 2 3 4 5 6 |  6.0
Necromancy     | 5 6 7 8 9 |  9.0
Polearms       | 2 4 6 7 8 9 |  9.5
Invocations    | 3 4 7 8 |  8.4
Fighting       | 3 4 6 7 |  7.7
Armour         | 2 3 5 7 |  7.0
Dodging        | 2 3 4 5 |  5.4
Summonings     | 6 7 8 |  8.5
Stealth        | |  1.5

Action                   |  1- 3 |  4- 6 |  7- 9 | 10-12 || total
-------------------------+-------+-------+-------+-------++-------
Melee: Unarmed           |     2 |       |       |       ||     2
       Dagger            |    13 |     1 |       |       ||    14
       Quarterstaff      |       |    35 |       |       ||    35
       Long sword        |       |    13 |     8 |       ||    21
       Trident           |       |       |   212 |   581 ||   793
 Cast: Pain              |    65 |    90 |    44 |    46 ||   245
       Animate Skeleton  |     6 |    12 |    12 |     1 ||    31
       Vampiric Draining |       |     4 |    35 |   110 ||   149
       Animate Dead      |       |       |    12 |    30 ||    42
       Regeneration      |       |       |     2 |       ||     2
       Call Canine Famil |       |       |       |    12 ||    12
Invok: Convert to Beogh  |       |     1 |       |       ||     1
       Recall Orcish Fol |       |       |       |     3 ||     3
       Give Item to Name |       |       |       |     1 ||     1
Evoke: Wand              |       |       |       |    42 ||    42
  Use: Scroll            |       |     2 |    13 |     4 ||    19
       Potion            |       |       |     3 |    11 ||    14
 Stab: Sleeping          |       |     1 |     4 |     1 ||     6
       Distracted        |       |       |     1 |     2 ||     3
       Paralysed         |       |       |       |     5 ||     5
  Eat: Chunk             |     4 |     7 |     5 |     1 ||    17
       Ration            |       |     1 |     4 |     8 ||    13
Armor: Robe              |     6 |    51 |     2 |       ||    59
       Leather armour    |       |       |    69 |    86 ||   155
       Troll leather arm |       |       |       |    19 ||    19
       Acid dragon scale |       |       |       |    81 ||    81
       Skin              |       |       |       |    12 ||    12
Dodge: Dodged            |    13 |    74 |   105 |   391 ||   583
       Rpst.: Long sword |       |       |     1 |       ||     1
